 Dungeon Crawl Stone Soup version 0.31-a0-267-g3fc6992b3b (webtiles) character file.

Game seed: 9233054614978640962

43952 qw the Marksminotaur (level 13, -7/119 HPs)
             Began as a Minotaur Hexslinger on July 13, 2023.
             Was a High Priest of Okawaru.
             Mangled by an orange demon (11 damage)
             ... on level 5 of the Lair of Beasts.
             The game lasted 00:06:09 (12883 turns).

qw the Marksminotaur (Minotaur Hexslinger)         Turns: 12883, Time: 00:06:10

Health: -7/119     AC: 15    Str: 12    XL:     13   Next: 93%
Magic:  27/28      EV: 21    Int:  8    God:    Okawaru [*****.]
Gold:   542        SH:  0    Dex: 19    Spells: 13/14 levels left

rFire   + + .        x - +0 longbow
rCold   . . .        (shield currently unavailable)
rNeg    . . .        y - +3 leather armour of Qaif {+Inv}
rPois   +            f - +1 hat {Will+}
rElec   .            t - +0 cloak
rCorr   +            u - +1 pair of gloves
SInv    .            k - +2 pair of boots
Will    +....        h - amulet of faith
Stlth   +++          n - ring "Soitaez" {Drain rF++ rCorr MP+9 Slay+4}
HPRegen 0.39/turn    a - ring of poison resistance
MPRegen 0.21/turn

%: faith
@: about to teleport, heroic
A: horns 2, retaliatory headbutt, dopey 1
a: Renounce Religion, Evoke Invisibility, Heroism, Finesse, Duel


You were on level 5 of the Lair of Beasts.
You worshipped Okawaru.
Okawaru was extremely pleased with you.
You visited 2 branches of the dungeon, and saw 13 of its levels.
You also visited: Sewer.

You collected 662 gold pieces.
You spent 120 gold pieces at shops.


Innate Abilities, Weirdness & Mutations

You have a pair of horns on your head.
You reflexively headbutt those who attack you in melee.
You are dopey. (Int -2)


   Skills:
 + Level 12.6(17.6) Fighting
 - Level 19.0(24.0) Ranged Weapons
 - Level 5.0(10.0) Armour
 - Level 9.0(14.0) Dodging
 - Level 1.0 Spellcasting
 - Level 2.0 Hexes
 - Level 10.0 Invocations


You had 13 spell levels left.
You knew the following spells:

 Your Spells              Type           Power      Damage    Failure   Level
a - Slow                  Hex            12%        N/A       22%         1

Your spell library contained the following spells:

 Spells                   Type           Power      Damage    Failure   Level
 Inner Flame              Hex/Fire       2%         N/A       67%         3
 Portal Projectile        Hex/Tloc       4%         N/A       67%         3
 Cause Fear               Hex            1%         N/A       91%         4

Inventory:

Hand Weapons
 x - a +0 longbow (weapon)
Armour
 f - a +1 hat of willpower (worn)
 k - a +2 pair of boots (worn)
 o - a +1 leather armour of fire resistance
 q - a +2 hat
 t - a +0 cloak (worn)
 u - a +1 pair of gloves (worn)
 y - the +3 leather armour of Qaif (worn) {+Inv}
   (You found it on level 4 of the Lair of Beasts)

   +Inv:      It lets you turn invisible.
 z - the +8 ring mail of the Hall of Blades {rElec rPois Int-3}
   (Okawaru gifted it to you on level 5 of the Lair of Beasts)

   Int:       It affects your intelligence (-3).
   rElec:     It insulates you from electricity.
   rPois:     It protects you from poison.
Jewellery
 a - a ring of poison resistance (right hand)
 d - a ring of willpower
 h - an amulet of faith (around neck)
 n - the ring "Soitaez" (left hand) {Drain rF++ rCorr MP+9 Slay+4}
   (You acquired it in a sewer)

   [ring of magical power]

   Slay:      It affects your accuracy & damage with ranged weapons and melee
   (+4).
   rF:        It greatly protects you from fire.
   MP:        It affects your magic capacity (+9).
   rCorr:     It protects you from acid and corrosion.
   Drain:     It drains your maximum health when unequipped.
 r - an amulet of reflection
 w - a ring of protection from cold
 Y - a ring of see invisible
Wands
 v - a wand of digging (5)
Scrolls
 b - a scroll of torment {unknown}
 c - a scroll of identify
 l - 4 scrolls of teleportation
Potions
 e - 4 potions of curing
 g - 3 potions of enlightenment
 i - 2 potions of might
 j - a potion of heal wounds
 m - a potion of berserk rage {unknown}
 p - 2 potions of mutation
 s - a potion of magic

Dungeon Overview and Level Annotations

Branches:
Dungeon (8/15)             Temple (0/1) D:7            Lair (5/5) D:8
  Swamp (0/4) Lair:3       Spider (0/4) Lair:3        Sewer (visited)
  Slime: Lair:4-5

Altars:
Cheibriados
Dithmenos
Fedhas
Gozag
Makhleb
Okawaru
Sif Muna
Vehumet
Wu Jian
Yredelemnul

Shops:
D:1 (   D:7 *   D:8 *


Message History

The ice devil is almost dead.
The hell beast misses you.
The hell beast tramples you but does no damage.
You shoot an arrow. The arrow hits the ice devil!
You kill the ice devil!
Okawaru accepts your kill.
The orange demon stings you but does no damage.
The hell beast completely misses you. The hell beast misses you.
The hell hound completely misses you. You furiously retaliate!
You headbutt the hell hound! You shoot an arrow. The arrow hits the hell hound.
The hell hound is severely wounded.
The hell beast completely misses you. The hell beast closely misses you.
The orange demon barely misses you.
The hell hound bites you but does no damage.
You shoot an arrow. The arrow hits the hell hound!!!
You kill the hell hound!
Okawaru accepts your kill. The hell beast misses you. You furiously retaliate!
You headbutt the hell beast. The hell beast tramples you.
You hold your ground!
The orange demon completely misses you.
You shoot an arrow. The arrow hits the hell beast!
The hell beast is lightly wounded.
The hell beast misses you. The hell beast tramples you!
You hold your ground!
You shoot an arrow. The arrow hits the hell beast!!
The hell beast is heavily wounded.
A hell hound comes into view.
The hell beast closely misses you. You furiously retaliate!
You headbutt the hell beast!
The hell beast tramples you but does no damage.
The orange demon stings you from afar!
You shoot an arrow. The arrow misses the hell beast.
The hell beast bites you. The hell beast closely misses you.
The orange demon closely misses you.
12883 ||| READING 5 scrolls of teleportation.
As you read the scroll of teleportation, it crumbles to dust.
You feel strangely unstable. The hell beast bites you!
The hell beast tramples you!
You hold your ground!
The orange demon stings you from afar!
You die...

.............#########+77777
....8....8...#........#
.............')..8.8..#
##############..8.#...# 7
......#...8.#..# 77
h.h...#..#.8...# 7.
4_.4.44...#.8..# 7.
¤..h..#%28.8...# 77 ~....
#@.......# 7 ¤~~# ##########
~~ #


You could see a hell beast and an orange demon.

Vanquished Creatures
  Gastronok (D:8)
  A dire elephant (Lair:5)
  6 hydras
  3 death yaks (Lair:5)
  Amaemon (D:8)
  A skyshark (Lair:3)
  A fire crab (Lair:5)
  2 bog bodies (Lair:3)
  A wizard (Lair:5)
  13 elephants
  8 black mambas
  Joseph (D:8)
  An orange demon (D:8)
  A torpor snail (Lair:5)
  15 cane toads
  9 komodo dragons
  3 rime drakes (Lair:5)
  2 ice devils (Lair:5)
  20 blink frogs
  A dream sheep (Lair:4)
  Sigmund (D:2)
  2 spriggans (Lair:4)
  3 wyverns
  36 yaks
  4 basilisks
  A steam dragon (D:6)
  2 vampire mosquitoes (D:8)
  Edmund (D:6)
  12 water moccasins
  A hell hound (Lair:5)
  4 orc warriors
  A sky beast (D:7)
  2 ice beasts
  3 black bears
  20 wolves
  4 centaurs
  2 phantoms
  10 bullfrogs
  A gnoll sergeant (D:7)
  6 scorpions
  5 wights (D:7)
  6 killer bees (D:8)
  4 howler monkeys
  4 hounds
  2 jellies
  8 orc priests
  3 sleepcaps
  8 orc wizards
  5 hell rats (Lair:5)
  2 iguanas
  4 gnolls (D:7)
  14 adders
  5 river rats (Sewer)
  A white imp (D:8)
  3 worms
  A dart slug (D:5)
  31 orcs
  10 ball pythons
  10 endoplasms
  4 giant cockroaches
  6 hobgoblins
  3 jackals (D:2)
  5 kobolds
  4 quokkas
  9 bats
  7 frilled lizards
  10 goblins
  9 rats
390 creatures vanquished.

Notes
Turn   | Place    | Note
-------+----------+-------------------------------------------
     0 | D:1      | qw the Minotaur Hexslinger began the quest for the Orb.
     0 | D:1      | Reached XP level 1. HP: 16/16 MP: 1/1
     0 | D:1      | 0 ||| qw: Version: 0.3-a-52-g30416fa
     0 | D:1      | 0 ||| qw: Game counter: 7733
     0 | D:1      | 0 ||| qw: Melee chars always use a shield: true
     0 | D:1      | 0 ||| qw: God list: Okawaru
     0 | D:1      | 0 ||| qw: Allow faded altars: false
     0 | D:1      | 0 ||| qw: Do Orc after clearing Dungeon:15 true
     0 | D:1      | 0 ||| qw: Do second Lair branch before Depths: true
     0 | D:1      | 0 ||| qw: Lair rune preference: random
     0 | D:1      | 0 ||| qw: Goals: Normal
     0 | D:1      | 0 ||| PLANNING D:1-11
   260 | D:1      | Reached skill level 3 in Ranged Weapons
   270 | D:1      | Reached XP level 2. HP: 18/23 MP: 2/2
   285 | D:1      | 285 ||| FLEEEEING.
   286 | D:1      | 286 ||| FLEEEEING.
   287 | D:1      | 287 ||| FLEEEEING.
   288 | D:1      | 288 ||| FLEEEEING.
   289 | D:1      | 289 ||| FLEEEEING.
   290 | D:1      | 290 ||| FLEEEEING.
   291 | D:1      | 291 ||| FLEEEEING.
   307 | D:1      | Found Mivag's Antique Weapon Shop.
   676 | D:1      | 676 ||| UPGRADING to +0 ring mail.
   686 | D:1      | 686 ||| DROPPING +0 robe.
   687 | D:1      | 687 ||| DROPPING ring of flight.
   688 | D:1      | 688 ||| READING scroll labelled UNUMUACSET.
   689 | D:1      | 689 ||| DRINKING 3 pink potions.
   690 | D:1      | 690 ||| DROPPING scroll of poison.
   711 | D:2      | Reached XP level 3. HP: 29/29 MP: 3/3
   830 | D:2      | Reached skill level 4 in Ranged Weapons
   909 | D:2      | Reached skill level 1 in Armour
   988 | D:2      | Noticed Sigmund
  1003 | D:2      | Killed Sigmund
  1004 | D:2      | Reached skill level 6 in Ranged Weapons
  1004 | D:2      | Reached XP level 4. HP: 19/36 MP: 4/4
  1004 | D:2      | Reached XP level 5. HP: 22/41 MP: 5/5
  1412 | D:2      | 1412 ||| UPGRADING to amulet of faith.
  1417 | D:2      | 1417 ||| READING scroll labelled OBRATY TEITAGA.
  1418 | D:2      | 1418 ||| READING 2 scrolls labelled QEH MUFICO.
  1419 | D:2      | 1419 ||| READING scroll labelled ONGYDGH VIARGH.
  1420 | D:2      | 1420 ||| READING scroll labelled QOCWA ULULIYSM.
  1424 | D:2      | 1424 ||| READING scroll labelled DONIMU PAVAU.
  1425 | D:2      | 1425 ||| DROPPING scroll of butterflies.
  1524 | D:3      | 1524 ||| PLANNING SEWER
  1527 | D:3      | 1527 ||| READING scroll of brand weapon.
  1527 | D:3      | 1527 ||| BRANDING +1 sling of electrocution.
  1957 | D:3      | Reached skill level 3 in Fighting
  1957 | D:3      | Reached XP level 6. HP: 51/51 MP: 6/6
  1958 | D:3      | Found a glowing drain.
  1967 | Sewer    | Entered a sewer
  2109 | Sewer    | 2109 ||| Stepping ~*~*~tactically~*~*~ (water).
  2264 | Sewer    | 2264 ||| Stepping ~*~*~tactically~*~*~ (water).
  2273 | Sewer    | 2273 ||| Stepping ~*~*~tactically~*~*~ (water).
  2407 | Sewer    | 2407 ||| READING scroll labelled TAUSHESOUKIR.
  2407 | Sewer    | Identified a scroll of acquirement
  2407 | Sewer    | 2407 ||| ACQUIRING ring "Soitaez" {Drain rF++ rCorr MP+9
                  | Slay+4}
  2407 | Sewer    | Acquired the ring "Soitaez" {Drain rF++ rCorr MP+9 Slay+4}
  2409 | Sewer    | 2409 ||| UPGRADING to ring "Soitaez" {Drain rF++ rCorr MP+9
                  | Slay+4}.
  2474 | Sewer    | 2474 ||| READING scroll labelled JEICVY ROUVUS AGRE.
  2575 | Sewer    | 2575 ||| READING scroll labelled XIGRAA ZATOANT.
  2576 | Sewer    | 2576 ||| READING 2 scrolls of identify.
  2576 | Sewer    | 2576 ||| IDENTIFYING golden potion
  2577 | Sewer    | 2577 ||| DROPPING potion of brilliance.
  2614 | D:3      | 2614 ||| PLANNING D:1-11
  2735 | D:3      | 2735 ||| Stepping ~*~*~tactically~*~*~ (outnumbered).
  2737 | D:3      | 2737 ||| Stepping ~*~*~tactically~*~*~ (outnumbered).
  2821 | D:3      | Found an ornate altar of the Wu Jian Council.
  2823 | D:3      | 2823 ||| DRINKING 2 orange potions.
  2922 | D:4      | Reached skill level 7 in Ranged Weapons
  2923 | D:4      | Found a basalt altar of Yredelemnul.
  3005 | D:4      | Reached XP level 7. HP: 55/59 MP: 7/7
  3189 | D:4      | 3189 ||| READING 4 scrolls of identify.
  3189 | D:4      | 3189 ||| IDENTIFYING fizzy dark potion
  3266 | D:4      | Reached skill level 8 in Ranged Weapons
  3518 | D:4      | 3518 ||| READING scroll labelled YMI LEFITSA.
  3519 | D:4      | 3519 ||| DRINKING 2 clear potions.
  3557 | D:4      | 3557 ||| READING 4 scrolls of identify.
  3557 | D:4      | 3557 ||| IDENTIFYING green potion
  3558 | D:4      | 3558 ||| READING 3 scrolls of identify.
  3558 | D:4      | 3558 ||| IDENTIFYING murky blue potion
  3559 | D:4      | 3559 ||| READING 2 scrolls of identify.
  3559 | D:4      | 3559 ||| IDENTIFYING bubbling silvery potion
  3560 | D:4      | 3560 ||| DROPPING potion of ambrosia.
  3561 | D:4      | 3561 ||| DROPPING potion of magic.
  3562 | D:4      | 3562 ||| DROPPING potion of lignification.
  3567 | D:5      | Entered Level 5 of the Dungeon
  3824 | D:5      | Reached skill level 9 in Ranged Weapons
  3987 | D:5      | Reached XP level 8. HP: 68/68 MP: 8/8
  4008 | D:5      | Reached skill level 3 in Dodging
  4037 | D:5      | 4037 ||| UPGRADING to +2 pair of boots.
  4042 | D:5      | 4042 ||| UPGRADING to ring of protection from cold.
  4043 | D:5      | 4043 ||| READING scroll labelled FAWO MYKLAY.
  4044 | D:5      | 4044 ||| DRINKING 2 viscous pink potions.
  4044 | D:5      | Gained mutation: You are dopey. (Int -2) [potion of
                  | mutation]
  4045 | D:5      | 4045 ||| DRINKING 3 bubbling emerald potions.
  4046 | D:5      | 4046 ||| DROPPING 2 potions of degeneration.
  4126 | D:6      | 4126 ||| FLEEEEING.
  4127 | D:6      | 4127 ||| FLEEEEING.
  4131 | D:6      | 4131 ||| STAIRDANCE
  4175 | D:6      | Reached skill level 6 in Fighting
  4224 | D:6      | 4224 ||| READING scroll of acquirement.
  4224 | D:6      | 4224 ||| ACQUIRING +2 hat
  4224 | D:6      | Acquired a +2 hat
  4226 | D:6      | 4226 ||| UPGRADING to +1 leather armour of fire resistance.
  4236 | D:6      | 4236 ||| DROPPING +0 ring mail.
  4237 | D:6      | 4237 ||| UPGRADING to +2 hat.
  4425 | D:6      | 4425 ||| SWAPPING to +0 orcbow.
  4429 | D:6      | 4429 ||| DROPPING +1 heavy sling.
  4485 | D:6      | Reached skill level 10 in Ranged Weapons
  4543 | D:6      | Found a blossoming altar of Fedhas.
  4637 | D:6      | Noticed Edmund
  4645 | D:6      | Killed Edmund
  4750 | D:6      | 4750 ||| UPGRADING to +0 cloak.
  4865 | D:6      | 4865 ||| UPGRADING to +1 pair of gloves.
  4888 | D:6      | Found a shimmering blue altar of Sif Muna.
  5095 | D:6      | 5095 ||| DROPPING amulet of the acrobat.
  5096 | D:6      | 5096 ||| DROPPING ring of ice.
  5112 | D:7      | Reached XP level 9. HP: 72/79 MP: 9/9
  5212 | D:7      | 5212 ||| FLEEEEING.
  5213 | D:7      | 5213 ||| FLEEEEING.
  5214 | D:7      | 5214 ||| FLEEEEING.
  5354 | D:7      | Reached skill level 11 in Ranged Weapons
  5401 | D:7      | 5401 ||| Stepping ~*~*~tactically~*~*~ (outnumbered).
  5403 | D:7      | 5403 ||| Stepping ~*~*~tactically~*~*~ (outnumbered).
  5441 | D:7      | Reached skill level 3 in Armour
  5462 | D:7      | Found a shadowy altar of Dithmenos.
  5473 | D:7      | Found a snail-covered altar of Cheibriados.
  5473 | D:7      | Found an opulent altar of Gozag.
  5479 | D:7      | 5479 ||| FLEEEEING.
  5480 | D:7      | 5480 ||| FLEEEEING.
  5481 | D:7      | 5481 ||| FLEEEEING.
  5482 | D:7      | 5482 ||| FLEEEEING.
  5483 | D:7      | 5483 ||| FLEEEEING.
  5484 | D:7      | 5484 ||| FLEEEEING.
  5485 | D:7      | 5485 ||| FLEEEEING.
  5486 | D:7      | 5486 ||| FLEEEEING.
  5487 | D:7      | 5487 ||| FLEEEEING.
  5488 | D:7      | 5488 ||| FLEEEEING.
  5488 | D:7      | Found an iron altar of Okawaru.
  5489 | D:7      | 5489 ||| PLANNING OKAWARU WORSHIP
  5489 | D:7      | 5489 ||| FLEEEEING.
  5490 | D:7      | 5490 ||| FLEEEEING.
  5491 | D:7      | 5491 ||| FLEEEEING.
  5636 | D:7      | Became a worshipper of Warmaster Okawaru
  5637 | D:7      | 5637 ||| PLANNING D:1-11
  5783 | D:7      | Found Voawadd's Overcharged Wands.
  5785 | D:7      | 5785 ||| Stepping ~*~*~tactically~*~*~ (outnumbered).
  5797 | D:7      | Reached skill level 12 in Ranged Weapons
  5877 | D:7      | 5877 ||| DRINKING 3 potions of curing.
  5877 | D:7      | 5877 ||| (to cure confusion)
  5969 | D:8      | 5969 ||| Stepping ~*~*~tactically~*~*~ (outnumbered).
  5973 | D:8      | Reached * piety under Okawaru
  6037 | D:8      | Found Nyakeres's Changing Room.
  6047 | D:8      | Noticed Amaemon
  6048 | D:8      | 6048 ||| READING scroll labelled XEUCINN OTATUKAES.
  6100 | D:8      | Reached skill level 1 in Invocations
  6171 | D:8      | Found a flagged portal.
  6176 | D:8      | 6176 ||| INVOKING Heroism.
  6184 | D:8      | Noticed an orange demon
  6189 | D:8      | Killed Amaemon
  6190 | D:8      | Reached skill level 3 in Invocations
  6190 | D:8      | Reached XP level 10. HP: 86/90 MP: 11/11
  6195 | D:8      | Killed an orange demon
  6195 | D:8      | Reached ** piety under Okawaru
  6228 | D:7      | Found a staircase to the Ecumenical Temple.
  6257 | D:8      | 6257 ||| BUYING potion of mutation (120 gold).
  6257 | D:8      | Bought a potion of mutation for 120 gold pieces
  6359 | D:8      | Reached skill level 6 in Dodging
  6514 | D:8      | Noticed Joseph
  6534 | D:8      | 6534 ||| INVOKING Heroism.
  6538 | D:8      | Killed Joseph
  6689 | D:8      | Reached *** piety under Okawaru
  6690 | D:8      | Reached skill level 13 in Ranged Weapons
  6709 | D:8      | Noticed Gastronok
  6710 | D:8      | 6710 ||| INVOKING Heroism.
  6727 | D:8      | Killed Gastronok
  6943 | D:8      | Found a staircase to the Lair.
  6944 | D:8      | 6944 ||| INVOKING Heroism.
  7408 | D:8      | 7408 ||| PLANNING LAIR
  7408 | D:8      | 7408 ||| UPGRADING to +1 hat of willpower.
  7471 | Lair:1   | Entered Level 1 of the Lair of Beasts
  7474 | Lair:1   | 7474 ||| Stepping ~*~*~tactically~*~*~ (water).
  7533 | Lair:1   | Noticed a cane toad
  7534 | Lair:1   | 7534 ||| INVOKING Heroism.
  7540 | Lair:1   | Killed a cane toad
  7540 | Lair:1   | Reached **** piety under Okawaru
  7602 | Lair:1   | 7602 ||| INVOKING Heroism.
  7630 | Lair:1   | 7630 ||| INVOKING Heroism.
  7634 | Lair:1   | Reached XP level 11. HP: 101/101 MP: 13/13
  7806 | Lair:1   | 7806 ||| INVOKING Heroism.
  7813 | Lair:1   | Reached skill level 14 in Ranged Weapons
  7869 | Lair:1   | Reached ***** piety under Okawaru
  8007 | Lair:1   | You fall into a shaft and drop 1 floor!
  8008 | Lair:2   | 8008 ||| SWAPPING to +0 longbow.
  8009 | Lair:2   | 8009 ||| DROPPING +0 orcbow.
  8032 | Lair:2   | Noticed a four-headed hydra
  8033 | Lair:2   | 8033 ||| INVOKING Heroism.
  8038 | Lair:2   | Killed a four-headed hydra
  8039 | Lair:2   | Reached skill level 6 in Invocations
  8115 | Lair:2   | 8115 ||| UPGRADING to ring of see invisible.
  8117 | Lair:2   | 8117 ||| READING 2 scrolls of identify.
  8117 | Lair:2   | 8117 ||| IDENTIFYING white potion
  8118 | Lair:2   | 8118 ||| DROPPING potion of attraction.
  8122 | Lair:2   | 8122 ||| INVOKING Heroism.
  8162 | Lair:1   | 8162 ||| INVOKING Heroism.
  8331 | Lair:1   | 8331 ||| INVOKING Heroism.
  8496 | Lair:2   | 8496 ||| INVOKING Heroism.
  8536 | Lair:2   | 8536 ||| INVOKING Heroism.
  8657 | Lair:2   | 8657 ||| INVOKING Heroism.
  8906 | Lair:2   | Found a radiant altar of Vehumet.
  9040 | Lair:2   | 9040 ||| INVOKING Heroism.
  9123 | Lair:2   | 9123 ||| UPGRADING to ring of poison resistance.
  9130 | Lair:3   | 9130 ||| INVOKING Heroism.
  9135 | Lair:3   | Received a gift from Okawaru
  9209 | Lair:3   | 9209 ||| INVOKING Heroism.
  9243 | Lair:3   | Noticed a six-headed hydra
  9244 | Lair:3   | 9244 ||| INVOKING Heroism.
  9249 | Lair:3   | Killed a six-headed hydra
  9250 | Lair:3   | Reached skill level 15 in Ranged Weapons
  9250 | Lair:3   | Reached XP level 12. HP: 107/107 MP: 17/17
  9355 | Lair:3   | 9355 ||| INVOKING Heroism.
  9406 | Lair:3   | Identified the +0 robe "Sekoi" {Str+4} (Okawaru gifted it
                  | to you on level 3 of the Lair of Beasts)
  9406 | Lair:3   | Received a gift from Okawaru
  9413 | Lair:3   | 9413 ||| INVOKING Heroism.
  9416 | Lair:3   | Reached skill level 9 in Invocations
  9436 | Lair:3   | 9436 ||| INVOKING Heroism.
  9682 | Lair:3   | 9682 ||| INVOKING Heroism.
  9896 | Lair:3   | 9896 ||| INVOKING Heroism.
  9942 | Lair:3   | Reached skill level 16 in Ranged Weapons
 10011 | Lair:3   | 10011 ||| INVOKING Heroism.
 10143 | Lair:3   | 10143 ||| INVOKING Heroism.
 10347 | Lair:3   | Found a hole to the Spider Nest.
 10442 | Lair:3   | Found a staircase to the Swamp.
 10569 | Lair:3   | 10569 ||| DROPPING +0 robe "Sekoi" {Str+4}.
 10620 | Lair:4   | 10620 ||| STAIRDANCE
 10666 | Lair:4   | 10666 ||| INVOKING Heroism.
 10754 | Lair:4   | Reached skill level 17 in Ranged Weapons
 10778 | Lair:4   | Reached XP level 13. HP: 116/116 MP: 19/19
 10929 | Lair:4   | 10929 ||| INVOKING Heroism.
 10937 | Lair:4   | Identified the +6 orcbow of the Twenty Songs {antimagic,
                  | Dex+3} (Okawaru gifted it to you on level 4 of the Lair of
                  | Beasts)
 10937 | Lair:4   | Received a gift from Okawaru
 10938 | Lair:4   | Reached skill level 9 in Dodging
 10956 | Lair:4   | 10956 ||| DROPPING +6 orcbow of the Twenty Songs
                  | {antimagic, Dex+3}.
 11424 | Lair:4   | Identified the +3 leather armour of Qaif {+Inv}
 11502 | Lair:4   | 11502 ||| UPGRADING to +3 leather armour of Qaif {+Inv}.
 11512 | Lair:4   | 11512 ||| DROPPING amulet of regeneration.
 11531 | Lair:5   | Entered Level 5 of the Lair of Beasts
 11555 | Lair:5   | 11555 ||| INVOKING Heroism.
 11600 | Lair:5   | 11600 ||| INVOKING Heroism.
 11667 | Lair:5   | 11667 ||| INVOKING Heroism.
 11699 | Lair:5   | 11699 ||| INVOKING Heroism.
 11706 | Lair:5   | Reached skill level 18 in Ranged Weapons
 11934 | Lair:5   | 11934 ||| INVOKING Heroism.
 12110 | Lair:5   | 12110 ||| FLEEEEING.
 12113 | Lair:5   | 12113 ||| INVOKING Heroism.
 12129 | Lair:5   | HP: 25/117 [death yak[a torpor snail] (21)]
 12130 | Lair:5   | 12130 ||| READING 7 scrolls of teleportation.
 12131 | Lair:5   | 12131 ||| DRINKING 4 potions of heal wounds.
 12144 | Lair:5   | Reached skill level 12 in Fighting
 12150 | Lair:5   | 12150 ||| INVOKING Heroism.
 12355 | Lair:5   | 12355 ||| INVOKING Heroism.
 12377 | Lair:5   | HP: 27/118 [yak (9)]
 12378 | Lair:5   | 12378 ||| READING 6 scrolls of teleportation.
 12379 | Lair:5   | 12379 ||| DRINKING 3 potions of heal wounds.
 12381 | Lair:5   | 12381 ||| DRINKING 2 potions of heal wounds.
 12594 | Lair:5   | 12594 ||| INVOKING Heroism.
 12692 | Lair:5   | Noticed a dire elephant
 12693 | Lair:5   | 12693 ||| INVOKING Heroism.
 12702 | Lair:5   | Killed a dire elephant
 12702 | Lair:5   | Identified the +8 ring mail of the Hall of Blades {rElec
                  | rPois Int-3} (Okawaru gifted it to you on level 5 of the
                  | Lair of Beasts)
 12702 | Lair:5   | Received a gift from Okawaru
 12703 | Lair:5   | Reached skill level 19 in Ranged Weapons
 12816 | Lair:5   | 12816 ||| INVOKING Heroism.
 12856 | Lair:5   | Found a burning altar of Makhleb.
 12866 | Lair:5   | 12866 ||| Stepping ~*~*~tactically~*~*~ (outnumbered).
 12867 | Lair:5   | 12867 ||| Stepping ~*~*~tactically~*~*~ (outnumbered).
 12874 | Lair:5   | 12874 ||| INVOKING Heroism.
 12882 | Lair:5   | HP: 29/119 [hell beast (1)]
 12883 | Lair:5   | 12883 ||| READING 5 scrolls of teleportation.
 12883 | Lair:5   | HP: 4/119 [hell beast (13)]
 12883 | Lair:5   | Mangled by an orange demon

Levels and vault maps discovered:
D:1:      evilmike_arrival_hilbert_curve, layout_basic, serial_shops,
          nicolae_shop_real_fake_doors, minmay_surrounded
D:2:      minmay_alternating_diamond, layout_rooms, uniq_sigmund
D:3:      layout_basic, lemuel_coloured_pillars_altar, serial_glass,
          glass_columns_b, glass_columns_b, due_unseen_surprise,
          portal_sewer_entry_d
D:4:      layout_basic, lemuel_crystal_altar, wad_orctagon
D:5:      layout_cave_pools, hangedman_decor_diamond_cutter
D:6:      layout_basic, mainiacjoe_overflow_alcove_2, lemuel_crystal_altar,
          kennysheep_nub, serial_park_tiny_pond, st_stairs_8, uniq_edmund
D:7:      layout_basic, grunt_temple_overflow_open,
          minmay_temple_entry_from_below_a, nicolae_shop_overcharged_wands
D:8:      layout_basic, grunt_lair_entry_orc_guard_hut, serial_corexii_hall,
          corexii_hall_statues_t, chequers_hall_statues_y, enter_bailey_2,
          nicolae_transmutations_shop, minmay_manual_mares, uniq_gastronok,
          uniq_joseph, uniq_amaemon
Lair:1:   layout_chaotic_city, infiniplex_staircase_pool_2, lemuel_fruit_tree
Lair:2:   layout_hall_layers, basic_altar
Lair:3:   layout_big_grid, skrybe_swamp_entry_bodies, dummy_spider_entry,
          cheibrodos_lair_reptile_den
Lair:4:   wad_woods_tower, layout_hall_layers, grunt_megastairs_5
Lair:5:   evil_forest, layout_cave_pods, slime_entry_1, serial_bayou_shore_b

Skill      XL: |  1  2  3  4  5  6  7  8  9 10 11 12 13 |
---------------+----------------------------------------+-----
Ranged Weapons | 3 6 7 9 10 12 13 15 17 19 | 19.0
Fighting       | 2 3 4 5 7 8 10 11 12 | 12.6
Armour         | 1 2 3 4 5 |  5.0
Dodging        | 4 5 6 7 8 9 |  9.0
Invocations    | 3 4 8 10 | 10.0
Spellcasting   | |  1.0
Hexes          | |  2.0

Action                     |  1- 3 |  4- 6 |  7- 9 | 10-12 | 13-15 || total
---------------------------+-------+-------+-------+-------+-------++-------
   Fire: Sling             |   136 |   140 |   102 |       |       ||   378
         Orcbow            |       |       |   201 |   215 |       ||   416
         Longbow           |       |       |       |   326 |   311 ||   637
 Invoke: Heroism           |       |       |     1 |    26 |    13 ||    40
    Use: Scroll            |     1 |    10 |     8 |     1 |     3 ||    23
         Potion            |     1 |     1 |     4 |       |     3 ||     9
 Armour: Robe              |     9 |       |       |       |       ||     9
         Ring mail         |    16 |    39 |    12 |       |       ||    67
         Leather armour    |       |       |    30 |    96 |    51 ||   177
  Dodge: Dodged            |    48 |    74 |    86 |   247 |   186 ||   641

Table legend:
 A = Non-vault XP
 B = Vault XP
 C = Vault XP percentage of total XP
 D = Non-vault monster count
 E = Vault monster count
 F = Vault count percentage of total count
                 A         B        C        D         E       F
            +---------+---------+-------+---------+---------+-------
      Total |   46384 |   16405 |  26.1 |     309 |      81 |  20.8
            +---------+---------+-------+---------+---------+-------
        D:1 |      31 |       8 |  20.5 |      18 |       6 |  25.0
        D:2 |      65 |     236 |  78.4 |      18 |       5 |  21.7
        D:3 |     162 |      13 |   7.4 |      18 |       1 |   5.3
        D:4 |     398 |      12 |   2.9 |      22 |       4 |  15.4
        D:5 |     581 |       0 |   0.0 |      17 |       0 |   0.0
        D:6 |     804 |     288 |  26.4 |      12 |       3 |  20.0
        D:7 |    1964 |       0 |   0.0 |      37 |       0 |   0.0
        D:8 |    1159 |    3958 |  77.4 |      22 |      11 |  33.3
     Lair:1 |    5175 |       0 |   0.0 |      25 |       0 |   0.0
     Lair:2 |    5555 |       0 |   0.0 |      15 |       0 |   0.0
     Lair:3 |   11865 |    2179 |  15.5 |      43 |       4 |   8.5
     Lair:4 |    5957 |    2145 |  26.5 |      23 |       8 |  25.8
     Lair:5 |   12668 |    7459 |  37.1 |      39 |      18 |  31.6
      Sewer |       0 |     107 | 100.0 |       0 |      21 | 100.0
            +---------+---------+-------+---------+---------+-------
